 Dungeon Crawl Stone Soup version 0.29-a0-330-g52719c12eb (webtiles) character file.

Game seed: 9449093529666215434

83 kae the Firebug (level 4, 0/35 HPs)
             Began as a Demigod Fire Elementalist on May 30, 2022.
             Slain by an orc
             ... wielding a +0 trident
              (6 damage)
             ... on level 3 of the Dungeon.
             The game lasted 00:01:56 (2986 turns).

kae the Firebug (Demigod Fire Elementalist)         Turns: 2986, Time: 00:01:57

Health: 0/35       AC:  2    Str:  9    XL:     4   Next: 2%
Magic:  6/10       EV: 12    Int: 21    God:
Gold:   122        SH:  0    Dex: 14    Spells: 1/7 levels left

rFire   . . .      SeeInvis .   l - +2 whip (flame)
rCold   . . .      Faith    .   (no shield)
rNeg    . . .      Spirit   .   a - +0 robe
rPois   .          Reflect  .   (no helmet)
rElec   .          Harm     .   (no cloak)
rCorr   .          Rampage  .   (no gloves)
Will    .....                   (no boots)
Stlth   ++........              (no amulet)
HPRegen 0.11/turn               (no ring)
MPRegen 0.12/turn               (no ring)

@: no status effects
A: high MP 1, forlorn, divine attributes
a: no special abilities


You were on level 3 of the Dungeon.
You visited 1 branch of the dungeon, and saw 3 of its levels.

You collected 122 gold pieces.

Inventory:

Hand Weapons
 e - a +0 whip
 l - a +2 whip of flaming (weapon)
Armour
 a - a +0 robe (worn)
Jewellery
 g - an amulet of the acrobat
Scrolls
 d - 4 scrolls of teleportation
 h - 2 scrolls of identify
 k - a scroll of summoning {unknown}
 m - a scroll of brand weapon {unknown}
Potions
 b - a potion of magic
 c - a potion of might
 f - 2 potions of attraction
 i - 2 potions of heal wounds {unknown}
 j - a potion of flight {unknown}


   Skills:
 + Level 1.1 Fighting
 - Level 1.7 Dodging
 - Level 1.7 Stealth
 + Level 2.2 Spellcasting
 * Level 2.1 Conjurations
 * Level 3.5 Fire Magic


You had one spell level left.
You knew the following spells:

 Your Spells              Type           Power      Damage    Failure   Level
a - Foxfire               Conj/Fire      56%        2x1d6     4%          1
b - Scorch                Fire           34%        2d6       5%          2
c - Conjure Flame         Conj/Fire      14%        6-21      14%         3

Your spell library contained the following spells:

 Spells                   Type           Power      Damage    Failure   Level
 Sting                    Tmut/Pois      8%         1d3       14%         1
 Poisonous Vapours        Pois/Air       4%         N/A       22%         2
 Inner Flame              Hex/Fire       9%         N/A       22%         3
 Gell's Gravitas          Tloc           2%         N/A       41%         3
 Teleport Other           Tloc           2%         N/A       41%         3
 Flame Wave               Conj/Fire      14%        2d6       41%         4
 Olgreb's Toxic Radiance  Pois           2%         N/A       82%         4
 Dispersal                Tloc           1%         N/A       100%        6


Dungeon Overview and Level Annotations

Branches:
Dungeon (3/15)

Shops:
D:2 [

Annotations:
D:2 Sigmund


Innate Abilities, Weirdness & Mutations

You have an increased reservoir of magic. (+10% MP)
You shall have no god before yourself.
Your divine heritage dramatically boosts your attributes as you level up.


Message History

Casting: Foxfire (safe; 4% risk of failure)
Confirm with . or Enter, or press ? or * to list all spells.
You conjure some foxfire!
The orc completely misses you.
The foxfire hits the orc.
The orc is lightly wounded.
The foxfire hits the orc.
The orc is severely wounded.
The orc drinks a potion.
The orc seems to grow stronger.
Casting: Foxfire (safe; 4% risk of failure)
Confirm with . or Enter, or press ? or * to list all spells.
You conjure some foxfire!
The orc priest calls down the wrath of Beogh upon you.
Beogh smites you! The orc completely misses you.
The foxfire hits the orc but does no damage.
The orc is severely wounded.
The foxfire hits the orc.
The orc is almost dead.
The orc misses you.
Casting: Foxfire (safe; 4% risk of failure)
Confirm with . or Enter, or press ? or * to list all spells.
You conjure some foxfire!
An orc comes into view. It is wielding a +0 flail.
The foxfire hits the orc priest.
The orc priest is moderately wounded.
The orc hits you from afar with a +0 trident!
The foxfire hits the orc priest.
The orc priest is moderately wounded.
The orc hits you from afar with a +0 trident.
Casting: Foxfire (safe; 4% risk of failure)
Confirm with . or Enter, or press ? or * to list all spells.
You conjure some foxfire!
The orc priest looks satisfied for a moment.
The orc hits you from afar with a +0 trident!
* * * LOW HITPOINT WARNING * * *
The foxfire hits the orc priest.
The orc priest is severely wounded.
The foxfire hits the orc priest.
The orc priest is almost dead.
The orc hits you from afar with a +0 trident.
You die...

............(..###......
####...###.#.......... #
##†## #...###...... #.
#####.# ##### #..###.
###.###.....# #..# .
........#######
######..###. ........#
#$.. >......)....
###.#...###.#
########)##. # #.....§@#
#)##. #......§.o...#
#.##. #.....####oo.#
#.##. #..##.# #.## #....
#... #.# .# #######.
##.. #.# . ........ ...
#.# # #######. ### ...
#. #.


You could see an orc priest and 2 orcs.

Vanquished Creatures
  2 adders
  A worm (D:3)
  2 dart slugs
  5 orcs (D:3)
  6 endoplasms
  5 goblins
  5 hobgoblins
  4 jackals
  A quokka (D:1)
  8 ball pythons
  3 bats (D:1)
  3 frilled lizards
  2 kobolds
  3 rats
50 creatures vanquished.

Vanquished Creatures (others)
  137 foxfires
137 creatures vanquished.

Grand Total: 187 creatures vanquished

Notes
Turn   | Place    | Note
-------+----------+-------------------------------------------
     0 | D:1      | kae the Demigod Fire Elementalist began the quest for the
                  | Orb.
     0 | D:1      | Reached XP level 1. HP: 14/14 MP: 5/5
    83 | D:1      | Reached skill level 1 in Conjurations
   622 | D:1      | Reached XP level 2. HP: 22/22 MP: 5/7
   782 | D:1      | Reached skill level 3 in Fire Magic
   788 | D:1      | Learned a level 2 spell: Scorch
  1856 | D:2      | Reached XP level 3. HP: 20/27 MP: 4/8
  2179 | D:2      | Noticed Sigmund
  2344 | D:2      | Reached skill level 1 in Fighting
  2453 | D:2      | Learned a level 3 spell: Conjure Flame
  2644 | D:2      | Found Udinn's Antique Armour Boutique.
  2862 | D:3      | Reached XP level 4. HP: 35/35 MP: 2/10
  2986 | D:3      | Slain by an orc

Illustrated notes

Levels and vault maps discovered:
D:1:      zaba_arrival_water, layout_basic, basic_ecumenical_altar,
          feat_on_display
D:2:      layout_loops_ring, basic_altar, serial_shops,
          nicolae_shop_statue_plus, fountainhead, uniq_sigmund
D:3:      layout_loops_ring, nicolae_uskayaw_suspiria, elyvilon_altar_1,
          mainiacjoe_overflow_tiny_flanked, grunt_decor_one_mirror

Skill      XL: |  1  2  3 |
---------------+----------+-----
Conjurations   | 1 2 |  2.1
Fire Magic     | 3 |  3.5
Spellcasting   | 2 |  2.2
Fighting       | 1 |  1.1
Dodging        | |  1.7
Stealth        | |  1.7

Action                   |  1- 3 |  4- 6 || total
-------------------------+-------+-------++-------
Melee: Whip              |     1 |       ||     1
 Cast: Foxfire           |    76 |     7 ||    83
       Scorch            |    14 |       ||    14
  Use: Scroll            |     3 |       ||     3
Armor: Robe              |     8 |       ||     8
Dodge: Dodged            |    26 |     3 ||    29

Table legend: (Time is in decaauts)
 A = Elapsed time spent in this place.
 B = Non-inter-level travel time spent in this place.
 C = Inter-level travel time spent in this place.
 D = Time resting spent in this place.
 E = Time spent auto-exploring this place.
 F = Levels seen in this place.
 G = Mean time per level.
                   A        B        C        D        E       F      G
               +--------+--------+--------+--------+--------+-----+--------+
         Total |   2994 |   2928 |     66 |    149 |   2388 |   3 |  998.0 |
       Dungeon |   2994 |   2928 |     66 |    149 |   2388 |   3 |  998.0 |
               +--------+--------+--------+--------+--------+-----+--------+

Top non-repeatable levels by time:
     D:1: 1873 daAuts
     D:2: 792 daAuts
     D:3: 327 daAuts
